Unix NetHack Version 5.0.0-0 post-release - last build Jun 10 2026 00:39:30 (3ee93aec679c4c4259841fe613dc97188e26a321,branch:main).

Game began 2026-07-08 21:09:26, ended 2026-07-08 21:19:27.

BeardyHaddock, neutral male gnomish Archeologist

       -------
       |.....|               -----
       |.....|               |.{.|    ----------
      #...h..|               |(..|  # |.........
      #---|---               |.>.)### |......{.| ##   ---------     ####
      #   ##                 ---.-  ##|........-###   |.......|`#####--.---
      #    #                 #####`###.........| #####|.......-######|..*.|
      #    ##*#            #####`#####----------  ####........|#     |...^|
      #       )        ## ### ^     ##################---.-----      |.....
      #       #        #----.----        #        # #######          ----.-
    # #    ---.---     #|.....`.|        #        #    #                 #
 ---|-#    |.....|   ###-.....d.|        #        #    #                 #
 |...|#    |.....|######|.......|        i        #   ##                 #
 |...|#    |.....| ##   |.......|        @        # --.--------          #
 |...-#    |<....|##    |.......|                 # |.........|          #
 |.^.|     |......#     |.......|                 ##-..........###########
 -----     |.....|      ---------                   |.........| #        #
           -------                                  |.........| #
                                                    -----------

BeardyHaddock the Field Worker  St:11 Dx:9 Co:10 In:19 Wi:16 Ch:10  Neutral
Dlvl:3  $:90 HP:0(24) Pw:17(17) AC:9  Xp:3 T:1845  Burdened

Latest messages:
 This hobbit corpse is fatty.
 You stop eating the hobbit corpse.
 The jackal bites!
 You kill the jackal!
 There is a partly eaten hobbit corpse here; eat it? [ynq] (n) y
 You resume your meal.
 You stop eating the hobbit corpse.
 You kill the jackal!
 There is a partly eaten hobbit corpse here; eat it? [ynq] (n) y
 You resume your meal.
 You hear the footsteps of a guard on patrol.
 You finish eating the hobbit corpse.
 You start digging.
 You hit the rock with all your might.
 You succeed in cutting away some rock.
 You start digging.
 You hit the rock with all your might.
 You succeed in cutting away some rock.
 You start digging.
 You hit the rock with all your might.
 You succeed in cutting away some rock.
 You start digging.
 You hit the rock with all your might.
 You succeed in cutting away some rock.
 You start digging.
 You hit the rock with all your might.
 You stop digging.
 The homunculus bites!
 You are put to sleep by the homunculus!
 The homunculus bites!
 The homunculus bites!
 You wake up.
 The homunculus bites!
 You are put to sleep by the homunculus!
 The homunculus bites!
 The homunculus bites!
 The homunculus bites!
 The homunculus bites!
 The homunculus bites!
 The combat suddenly awakens you.
 You miss the homunculus.
 The homunculus bites!
 You hit the homunculus.
 The homunculus bites!
 You die...
 Do you want your possessions identified? [ynq] (y) y
 Do you want to see your attributes? [ynq] (y) n
 Do you want an account of creatures vanquished? [ynaq] (y) n
 Do you want to see your conduct and achievements? [ynq] (y) n
 Do you want to see the dungeon overview? [ynq] (y) n

Inventory:
 Coins    ('$')
  $ - 90 gold pieces
 Amulets  ('"')
  w - a cursed amulet of change
 Weapons  (')')
  n - 10 +0 arrows
  a - a +2 bullwhip (alternate weapon; not wielded)
 Armor    ('[')
  c - an uncursed +0 fedora (being worn)
  o - an uncursed +0 pair of jumping boots
  r - an uncursed +0 leather armor
  b - an uncursed +0 leather jacket (being worn)
 Comestibles  ('%')
  d - 2 uncursed food rations
  j - a blessed tin of spinach
 Scrolls  ('?')
  l - 2 uncursed scrolls of light
 Spellbooks  ('+')
  m - an uncursed spellbook of cure sickness
 Rings    ('=')
  t - an uncursed +1 ring of adornment
 Tools    ('(')
  h - an empty uncursed sack
  e - a +0 pick-axe (weapon in right hand)
  i - an uncursed tin opener
  f - a tinning kit (0:53)
 Gems/Stones  ('*')
  g - an uncursed touchstone

BeardyHaddock the Archeologist's attributes:

Background:
 You were a Field Worker, a level 3 male gnomish Archeologist.
 You were neutral, on a mission for Camaxtli
 who was opposed by Quetzalcoatl (lawful) and Huhetotl (chaotic).
 You were right-handed.
 You were in the Dungeons of Doom, on level 3.
 You entered the dungeon 1845 turns ago.
 You had 46 experience points, 34 more were needed to attain level 4.

Basics:
 You had 0 out of 24 hit points.
 You had all 17 energy points (spell power).
 Your armor class was 9.
 Your wallet contained 90 zorkmids.
 Autopickup was off.

Final Characteristics:
 Your strength was 11 (limit:18/50).
 Your dexterity was 9 (limit:18).
 Your constitution was 10 (limit:18).
 Your intelligence was 19 (limit:19).
 Your wisdom was 16 (limit:18).
 Your charisma was 10 (limit:18).

Final Status:
 You weren't hungry.
 You were burdened; movement was slightly slowed.
 You were wielding a pick-axe.
 You had basic skill with pick-axe.

Final Attributes:
 You were devoutly aligned.
 You had automatic searching.
 You had infravision.
 You were lucky.
 You are dead.

Miscellaneous:
 You didn't encounter any bones levels.
 Total elapsed playing time was 10 minutes and 1 second.

Major events:
 Turn
    1: BeardyHaddock the neutral male gnomish Archeologist entered the dungeon
 1721: attained the rank of Field Worker (level 3)
 1845: killed by a homunculus

Spells:
 Name                 Level Category     Fail Retention
 cure sickness          3   healing       87%  76%-100%

Skills:
 Fighting Skills
   bare handed combat [Unskilled]
   two weapon combat  [Unskilled]
   riding             [Unskilled]
 Weapon Skills
   dagger             [Unskilled]
   knife              [Unskilled]
   pick-axe           [Basic]
   short sword        [Unskilled]
   saber              [Unskilled]
   club               [Unskilled]
   quarterstaff       [Unskilled]
   sling              [Unskilled]
   dart               [Unskilled]
   boomerang          [Unskilled]
   whip               [Basic]
   unicorn horn       [Unskilled]
 Spellcasting Skills
   attack spells      [Unskilled]
   healing spells     [Unskilled]
   divination spells  [Unskilled]
   matter spells      [Unskilled]

Voluntary challenges:
 Character rerolling was not enabled.
 You never genocided any monsters.
 You never polymorphed an object.
 You never changed form.
 You used no wishes.
Achievements:
 You entered a shop.
 You attained the rank of Field Worker.

 The Dungeons of Doom: levels 1 to 3
    Level 1:
       A fountain.
    Level 2:
       An armor shop, a fountain.
    Level 3: <- You were here.
       Some fountains.
       Final resting place for
          you, killed by a homunculus.


Vanquished creatures:
  a coyote
  2 hobbits
  a large kobold
  a yellow mold
  2 geckos
  4 jackals
  2 kobolds
  4 grid bugs
  4 lichens
  2 kobold zombies
  2 newts
25 creatures vanquished.

No species were genocided or became extinct.

Game over:
                       ----------
                      /          \
                     /    REST    \
                    /      IN      \
                   /     PEACE      \
                  /                  \
                  |  BeardyHaddock   |
                  |      90 Au       |
                  |   killed by a    |
                  |    homunculus    |
                  |                  |
                  |                  |
                  |       2026       |
                 *|     *  *  *      | *
        _________)/\\_//(\/(/\)/\//\/|_)_______

Goodbye BeardyHaddock the Archeologist...

You died in The Dungeons of Doom on dungeon level 3 with 375 points,
and 90 pieces of gold, after 1845 moves.
You were level 3 with a maximum of 24 hit points when you died.

